AoeStats
← LisanAlGaib16

Black Forest

509751760Analyzed
2v2 RM · 4d ago on Sep 27, 2026· 57m 18s· 4 players
Game mode
Random Map
Map size
Medium (4 player)
Population
200
Speed
Normal
Resources
Standard
Victory
Conquest
Starting age
Dark Age
Ending age
Imperial Age
RankedLock teamsTeams togetherTeam positionsShared explorationLock speedFull tech treeHidden civsTurbo modeCheats
Victory
Defeat
🇦🇷 Huns · Argentina
893
+12
🇦🇷 Turks · Argentina
764
+16
🇦🇷 Persians · Argentina
813
-36
🇺🇸 Burgundians · United States
767
-13
Byfacu2208482
8:00 Loom
11:21 Feudal Age
16:47 Wheelbarrow
22:25 Castle Age
29:51 Horse Collar
32:04 Kamandaran
34:42 Pikeman
37:52 Bloodlines
40:39 Imperial Age
40:12 Husbandry
39:45 Crossbowman
40:31 Thumb Ring
41:11 Double-Bit Axe
43:13 Heavy Camel Rider
45:05 Halberdier
46:41 Bow Saw
46:37 Heavy Plow
47:06 Forging
47:07 Fletching
49:24 Crop Rotation
49:05 Cavalier
50:08 Bodkin Arrow
52:20 Two-Man Saw
52:24 Iron Casting
53:23 Chemistry
53:59 Ballistics
LisanAlGaib16
7:58 Loom
11:10 Feudal Age
10:07 Double-Bit Axe
12:10 Bow Saw
13:50 Wheelbarrow
13:40 Horse Collar
15:11 Heavy Plow
17:58 Hand Cart
21:56 Castle Age
20:05 Gold Mining
21:42 Gold Shaft Mining
22:58 Stone Mining
25:28 Town Watch
27:58 Stone Shaft Mining
27:42 Husbandry
28:30 Cavalier
29:34 Fletching
30:27 Forging
30:56 Scale Barding Armor
32:32 Iron Casting
36:55 Crop Rotation
37:06 Caravan
37:25 Padded Archer Armor
38:23 Bodkin Arrow
38:16 Crossbowman
39:15 Leather Archer Armor
40:35 Chain Barding Armor
T'rompí
10:47 Feudal Age
12:57 Loom
16:20 Castle Age
15:13 Stone Mining
17:03 Horse Collar
17:12 Double-Bit Axe
18:47 Wheelbarrow
17:59 Town Watch
21:12 Fervor
25:21 Forging
27:17 Atonement
27:42 Ballistics
27:18 Murder Holes
28:42 Bloodlines
32:18 Imperial Age
31:13 Iron Casting
30:45 Scale Barding Armor
30:46 Husbandry
30:57 Bloodlines
31:33 Hand Cart
32:25 Marauders
32:39 Masonry
35:30 Parthian Tactics
35:18 Elite Tarkan
36:28 Padded Archer Armor
36:18 Fletching
37:55 Conscription
37:54 Leather Archer Armor
38:22 Bodkin Arrow
41:27 Blast Furnace
40:28 Bracer
45:35 Chain Barding Armor
44:39 Heavy Cavalry Archer
46:56 Plate Barding Armor
46:24 Caravan
47:19 Atheism
50:07 Thumb Ring
49:26 Elite Skirmisher
50:45 Coinage
50:26 Guilds
50:31 Atonement
50:51 Sanctity
51:37 Chemistry
50:43 Heavy Plow
50:56 Bow Saw
50:51 Town Patrol
53:10 Illumination
52:51 Devotion
52:40 Arson
52:57 Squires
52:23 Pikeman
53:47 Halberdier
54:42 Scale Mail Armor
55:15 Banking
54:38 Gold Mining
Rulo14
11:47 Feudal Age
24:19 Castle Age
23:33 Horse Collar
24:07 Double-Bit Axe
27:24 Gold Mining
35:19 Husbandry
43:54 Imperial Age
44:40 Thumb Ring
47:30 Bow Saw
48:03 Ballistics
48:15 Elite Janissary
49:42 Loom
50:37 Wheelbarrow
50:27 Fletching
50:38 Padded Archer Armor
51:55 Bodkin Arrow
53:11 Heavy Plow
53:31 Bracer
53:46 Leather Archer Armor
57:00 Ring Archer Armor
Connection lost

Rejoining the realm…

Still unreachable

The connection could not be restored.

Session expired

The server has moved on; the page needs a fresh start.